 Dungeon Crawl Stone Soup version 0.30.1-1-g62c8e00024 (webtiles) character file.

Game seed: 10056210247479278874

893 Fodor the Covered (level 7, -2/61 HPs)
             Began as a Minotaur Fighter on July 17, 2023.
             Was an Initiate of Gozag.
             Slain by an ice beast (10 damage)
             ... on level 5 of the Dungeon.
             The game lasted 00:26:51 (3951 turns).

Fodor the Covered (Minotaur Fighter)                Turns: 3951, Time: 00:26:52

Health: -2/61      AC:  9    Str: 22    XL:     7   Next: 78%
Magic:  0/6        EV: 10    Int:  5    God:    Gozag
Gold:   310        SH:  6    Dex: 16    Spells: 6/6 levels left

rFire   . . .        n - +0 long sword (heavy)
rCold   . . .        c - +1 buckler
rNeg    . . .        b - +0 scale mail
rPois   .            y - +2 hat
rElec   .            (no cloak)
rCorr   .            (no gloves)
SInv    .            (no boots)
Will    .....        p - amulet of guardian spirit Stlth
                     a - +6 ring of dexterity
HPRegen 0.30/turn    (no ring)
MPRegen 0.10/turn

%: guardian spirit
@: mighty
A: horns 2, retaliatory headbutt
a: Renounce Religion, Potion Petition, Call Merchant, Bribe Branch


You were on level 5 of the Dungeon.
You worshipped Gozag.
Gozag was aware of your devotion.
You visited 2 branches of the dungeon, and saw 7 of its levels.

You collected 408 gold pieces.
You paid 98 gold pieces to Gozag.

Inventory:

Hand Weapons
 m - a +1 heavy mace
 n - a +0 heavy long sword (weapon)
 o - a +3 sling
 r - a +0 arbalest
Missiles
 e - 8 poisoned darts (quivered)
 t - 8 javelins
 x - 9 curare-tipped darts
 z - 2 boomerangs
Armour
 b - a +0 scale mail (worn)
 c - a +1 buckler (worn)
 y - a +2 hat (worn)
Jewellery
 a - a +6 ring of dexterity (left hand)
 p - an amulet of guardian spirit (around neck)
 v - the ring "Quihuoh" {Wiz rPois Int+2}
   (You found it on level 3 of the Dungeon)

   [ring of wizardry]

   It improves your spell success rate.
   Int:       It affects your intelligence (+2).
   rPois:     It protects you from poison.
Wands
 B - a wand of iceblast (6)
Scrolls
 f - 2 scrolls of enchant armour
 i - a scroll of amnesia
 l - 2 scrolls of fear
 q - a scroll of fog
 s - 2 scrolls of poison
 u - a scroll of noise {unknown}
Potions
 d - 4 potions of might
 g - a potion of heal wounds {unknown}
 k - 2 potions of lignification {unknown}
 w - a potion of magic {unknown}
 A - a potion of mutation {unknown}


   Skills:
 + Level 5.1 Fighting
 + Level 0.9(1.9) Short Blades
 + Level 2.9(3.0) Long Blades
 + Level 5.7 Maces & Flails
 + Level 2.3 Ranged Weapons
 + Level 6.3 Armour
 + Level 2.2 Dodging
 + Level 5.2 Shields


You had 6 spell levels left.
You didn't know any spells.
Your spell library contained the following spells:

 Spells                   Type           Power      Damage    Failure   Level
 Sublimation of Blood     Necr           0%         N/A       93%         2
 Wereblood                Tmut           0%         N/A       93%         2
 Tukima's Dance           Hex            0%         N/A       99%         3
 Passage of Golubria      Tloc           0%         N/A       100%        4
 Yara's Violent Unravell  Hex/Tmut       0%         3d3       100%        5
 Summon Hydra             Summ           0%         N/A       100%        7


Dungeon Overview and Level Annotations

Branches:
Dungeon (6/15)             Temple (1/1) D:4

Altars:
Dithmenos
Elyvilon
Fedhas
Gozag
Nemelex Xobeh
Ru
Trog
Uskayaw
Yredelemnul
Zin
The Shining One

Shops:
D:3 [

Annotations:
D:5 Wentworth's ghost, novice GnTm


Innate Abilities, Weirdness & Mutations

You have a pair of horns on your head.
You reflexively headbutt those who attack you in melee.


Message History

You block the ice beast's attack.
Wentworth's ghost hits you but does no damage.
It was a potion of curing.
You feel better. The ice beast barely misses you.
Wentworth's ghost closely misses you.
You feel better. The ice beast closely misses you. You furiously retaliate!
You headbutt the ice beast.
Wentworth's ghost wails, "What do you have that I didn't have?"
Wentworth's ghost hits you. Wentworth's ghost burns you.
You feel better. You block the ice beast's attack. Wentworth's ghost hits you.
Wentworth's ghost burns you.
You feel very mighty all of a sudden.
The ice beast hits you but does no damage.
Wentworth's ghost hits you. Wentworth's ghost burns you.
You hit the ice beast.
The ice beast is heavily wounded.
The ice beast closely misses you. Wentworth's ghost barely misses you.
You furiously retaliate!
You headbutt Wentworth's ghost!!
The ice beast hits you but does no damage.
Wentworth's ghost hits you. Wentworth's ghost burns you.
You completely miss the ice beast. Your headbutt misses the ice beast.
The ice beast is moderately wounded.
The ice beast barely misses you. Wentworth's ghost misses you.
The ice beast barely misses you. You furiously retaliate!
You headbutt the ice beast. You block Wentworth's ghost's attack.
You barely miss the ice beast.
The ice beast is heavily wounded.
You block the ice beast's attack.
Wentworth's ghost hits you but does no damage.
You block the ice beast's attack. Wentworth's ghost hits you!
* * * LOW HITPOINT WARNING * * *
Wentworth's ghost burns you.
* * * LOW HITPOINT WARNING * * *
You slash Wentworth's ghost!
Wentworth's ghost is severely damaged.
Wentworth's ghost hits you but does no damage.
The ice beast hits you.
* * * LOW HITPOINT WARNING * * *
The ice beast freezes you!
You die...
Your body crumbles into a pile of gold.

######. #...... #.....##
#...... #.....## ..... [
##### #. ##. ###Y..### #.
#..###.@WZ...##
#.##.##....###...#
###....#....## ##..#
#......#...## #..#.## ##
##..'...#$ #$##... ...## #
#..'...#)Y=$..#...# #....
#.###..'...##..Z..#...###..##
#......#....#.....##..#.....#
####...#....##.....#....(....


You could see an ice beast, Wentworth's ghost and a centaur simulacrum.

Vanquished Creatures
  2 ogres
  3 scorpions (D:5)
  2 hounds (D:4)
  4 sleepcaps
  Natasha (thrice) (D:3)
  3 orc wizards
  2 centaur simulacra (D:5)
  4 adders
  A hound simulacrum (D:5)
  2 white imps
  3 worms
  4 dart slugs
  An adder simulacrum (D:5)
  10 orcs
  5 bats
  11 endoplasms
  6 giant cockroaches
  10 goblins
  5 hobgoblins (D:1)
  6 jackals
  9 kobolds
  5 quokkas
  7 ball pythons
  4 frilled lizards
  9 rats
121 creatures vanquished.

Vanquished Creatures (collateral kills)
  A water moccasin simulacrum (D:5)
1 creature vanquished.

Grand Total: 122 creatures vanquished

Notes
Turn   | Place    | Note
-------+----------+-------------------------------------------
     0 | D:1      | Fodor the Minotaur Fighter began the quest for the Orb.
     0 | D:1      | Reached XP level 1. HP: 19/19 MP: 0/0
   108 | D:1      | Reached XP level 2. HP: 25/27 MP: 1/1
   180 | D:1      | Reached skill level 4 in Armour
   317 | D:1      | Reached XP level 3. HP: 33/33 MP: 2/2
  1008 | D:2      | Reached skill level 1 in Maces & Flails
  1091 | D:2      | Reached XP level 4. HP: 40/40 MP: 3/3
  1540 | D:3      | Reached skill level 1 in Ranged Weapons
  1770 | D:3      | Found a glowing golden altar of the Shining One.
  1853 | D:3      | You fall into a shaft and drop 3 floors!
  1882 | D:6      | Reached XP level 5. HP: 47/47 MP: 4/4
  2030 | D:5      | Entered Level 5 of the Dungeon
  2175 | D:3      | Noticed Natasha
  2187 | D:3      | Killed Natasha
  2188 | D:3      | Reached skill level 5 in Armour
  2195 | D:3      | Noticed Natasha
  2200 | D:3      | Killed Natasha
  2228 | D:3      | Identified the ring "Quihuoh" {Wiz rPois Int+2}
  2232 | D:3      | Found Qeadd's Armour Shoppe.
  2260 | D:3      | Noticed Natasha
  2266 | D:3      | Killed Natasha
  2433 | D:3      | Reached XP level 6. HP: 40/53 MP: 5/5
  2737 | D:4      | Found a staircase to the Ecumenical Temple.
  2755 | Temple   | Entered the Ecumenical Temple
  2862 | Temple   | Became a worshipper of Gozag Ym Sagoz the Greedy
  2944 | D:4      | Reached skill level 1 in Dodging
  2946 | D:4      | Found a blossoming altar of Fedhas.
  3085 | D:4      | Found a white marble altar of Elyvilon.
  3153 | D:4      | Reached XP level 7. HP: 21/60 MP: 2/6
  3405 | D:4      | Found a shadowy altar of Dithmenos.
  3461 | D:5      | Reached skill level 5 in Fighting
  3461 | D:5      | Reached skill level 5 in Maces & Flails
  3461 | D:5      | Reached skill level 6 in Armour
  3567 | D:5      | Reached skill level 5 in Shields
  3849 | D:5      | Found a runed translucent gate.
  3849 | D:5      | Found a runed translucent gate.
  3849 | D:5      | Found a runed translucent gate.
  3932 | D:5      | Noticed Wentworth's ghost (novice GnTm)
  3951 | D:5      | Slain by an ice beast

Illustrated notes

Levels and vault maps discovered:
D:1:      roderic_dead_forest, layout_rooms
D:2:      layout_basic
D:3:      layout_rooms, tso_metal_star, serial_shops,
          nicolae_shop_back_alley_shop, hellmonk_no_cap, uniq_natasha
D:4:      layout_basic, fedhas_altar_4, nicolae_overflow_hidden_temple,
          mainiacjoe_overflow_small_starburst, temple_green,
          supply_closet_lemuel
D:5:      layout_loops_cross, gammafunk_ghost_icy, minmay_checkerbox, uniq_ijyb,
          uniq_grinder, uniq_duvessa, uniq_eustachio
D:6:      layout_loops_ring
Temple:   nicolae_temple_slightly_damp_pantheon

Skill      XL: |  1  2  3  4  5  6  7 |
---------------+----------------------+-----
Fighting       | 4 5 |  5.1
Armour         | 4 5 6 |  6.3
Shields        | 4 5 |  5.2
Maces & Flails | 1 3 4 5 |  5.7
Ranged Weapons | 1 2 |  2.3
Dodging        | 1 2 |  2.2
Short Blades   | |  0.9
Long Blades    | |  2.9

Action                     |  1- 3 |  4- 6 |  7- 9 || total
---------------------------+-------+-------+-------++-------
  Melee: Long sword        |    45 |       |    16 ||    61
         Headbutt          |    16 |    19 |     6 ||    41
         Dagger            |    52 |       |       ||    52
         Mace              |    33 |    95 |    15 ||   143
   Fire: Sling             |       |    41 |     4 ||    45
  Throw: Dart              |       |     4 |       ||     4
    Use: Scroll            |       |     6 |     2 ||     8
         Potion            |       |       |     4 ||     4
 Armour: Scale mail        |    84 |   103 |    26 ||   213
  Dodge: Dodged            |    79 |    97 |    36 ||   212
  Block: Buckler           |    44 |    55 |    22 ||   121
